 Dungeon Crawl Stone Soup version 0.30.0-29-ga12c61a403 (webtiles) character file.

Game seed: 7673275957726814817

1 BONEBRO the Caller (level 1, -1/13 HPs)
             Began as a Merfolk Summoner on June 25, 2023.
             Slain by a kobold
             ... wielding a +0 whip
              (4 damage)
             ... on level 1 of the Dungeon.
             The game lasted 00:01:18 (170 turns).

BONEBRO the Caller (Merfolk Summoner)                Turns: 170, Time: 00:01:18

Health: -1/13      AC:  2    Str:  8    XL:     1   Next: 20%
Magic:  2/3        EV: 12    Int: 14    God:
Gold:   10         SH:  0    Dex: 14    Spells: 3/4 levels left

rFire   . . .        c - +0 short sword
rCold   . . .        (no shield)
rNeg    . . .        a - +0 robe
rPois   .            (no helmet)
rElec   .            (no cloak)
rCorr   .            (no gloves)
SInv    .            (no boots)
Will    .....        (no amulet)
Stlth   ++           (no ring)
HPRegen 0.22/turn    (no ring)
MPRegen 0.08/turn

%: no passive effects
@: no status effects
A: (nimble swimmer 2), mertail
a: no special abilities


You were on level 1 of the Dungeon.
You visited 1 branch of the dungeon, and saw 1 of its levels.

You collected 10 gold pieces.

Inventory:

Hand Weapons
 c - a +0 short sword (weapon)
Armour
 a - a +0 robe (worn)
Scrolls
 d - 2 scrolls of identify {unknown}
Potions
 b - a potion of magic


   Skills:
 + Level 2.6 Dodging
 + Level 2.1 Stealth
 + Level 2.0 Spellcasting
 * Level 4.0 Summonings


You had 3 spell levels left.
You knew the following spells:

 Your Spells              Type           Power      Damage    Failure   Level
a - Summon Small Mammal   Summ           48%        N/A       4%          1

Your spell library contained the following spells:

 Spells                   Type           Power      Damage    Failure   Level
 Call Imp                 Summ           24%        N/A       7%          2
 Call Canine Familiar     Summ           12%        N/A       14%         3
 Sandblast                Erth           2%         2d4       24%         1
 Summon Guardian Golem    Hex/Summ       7%         N/A       30%         3
 Passwall                 Tmut/Erth      0%         N/A       34%         2
 Stone Arrow              Conj/Erth      2%         3d7       56%         3
 Summon Lightning Spire   Summ/Air       7%         N/A       71%         4


Dungeon Overview and Level Annotations

Branches:
Dungeon (1/15)

Altars:


Innate Abilities, Weirdness & Mutations

((You are very nimble when in or above water. (Stealth+, EV+, Speed+++)))
Your lower body shifts to a powerful aquatic tail in water.


Message History

Your bat closely misses the jackal.
The jackal misses your bat.
The jackal moves out of view.
Things that are here:
a +0 short sword; a book of Dreams; a kobold corpse Your bat closely misses the jackal.
Your bat barely misses the jackal.
The jackal closely misses your bat.
You swap places.
Your bat hits the jackal. The jackal barely misses your bat.
Your bat closely misses the jackal.
Your bat barely misses the jackal.
The bat misses you.
The jackal bites you but does no damage.
Your bat closely misses the jackal.
The kobold misses you.
The jackal bites you but does no damage.
Your bat barely misses the jackal.
You hit the jackal but do no damage.
The jackal is lightly wounded.
Your bat hits the kobold but does no damage.
The bat barely misses you.
Your bat hits the jackal. The jackal misses your bat.
The kobold hits you with a +0 whip. The bat hits you but does no damage.
You hit the jackal.
The jackal is heavily wounded.
The bat hits you but does no damage. The jackal bites your bat.
Your bat closely misses the jackal.
The kobold hits you but does no damage. The jackal closely misses you.
You hit the jackal.
The jackal is almost dead.
Your bat barely misses the kobold.
The jackal bites you. x2
The kobold barely misses you.
Your bat hits the jackal but does no damage.
You are too injured to fight recklessly!
You are too injured to fight recklessly!
You barely miss the jackal.
The jackal is almost dead.
Your bat misses the kobold.
Your bat barely misses the jackal.
The jackal bites you but does no damage.
The jackal bites you.
* * * LOW HITPOINT WARNING * * *
The kobold closely misses you.
Your bat misses the kobold. The kobold attacks as you move away!
The kobold hits you with a +0 whip.
You die...

. # #### ... #. #..
...:#.##### #.#
......hbb.###.#####
.....bK@..).......#
......h.....#.....#
....###.##.##.....#
### ...##.##.....#
#########.....#
#.....# #.....#
#.....# #.....#


You could see 2 jackals, a bat, a kobold and 2 friendly bats.

Vanquished Creatures (collateral kills)
  A ball python (D:1)
  A kobold (D:1)
2 creatures vanquished.

Notes
Turn   | Place    | Note
-------+----------+-------------------------------------------
     0 | D:1      | BONEBRO the Merfolk Summoner began the quest for the Orb.
     0 | D:1      | Reached XP level 1. HP: 13/13 MP: 3/3
   170 | D:1      | Slain by a kobold

Illustrated notes

Levels and vault maps discovered:
D:1:      minmay_arrival_nine_rooms, layout_basic, serial_bayou_pond_a,
          st_stairs_3

Action                     || total
---------------------------++-------
  Melee: Short sword       ||     5
   Cast: Summon Small Mamm ||     4
 Armour: Robe              ||     6
  Dodge: Dodged            ||     6
